 Dungeon Crawl Stone Soup version 0.18.1-50-g88ac8fd (webtiles) character file.

112 konradical the Ruffian (level 4, -1/40 HPs)
             Began as a Ghoul Berserker on Oct 3, 2016.
             Was a Believer of Trog.
             Slain by an orc
             ... wielding a +0 hand axe
              (5 damage)
             ... on level 4 of the Dungeon.
             The game lasted 00:12:38 (1413 turns).

konradical the Ruffian (Ghoul Berserker)            Turns: 1413, Time: 00:12:40

Health: -1/40      AC:  7    Str: 20    XL:     4   Next: 93%
Magic:  3/3        EV: 11    Int:  3    God:    Trog [**....]
Gold:   63         SH:  0    Dex:  8    Spells: 0 memorised, 3 levels left

rFire  . . .     SeeInvis .       - Unarmed
rCold  + . .     Gourm    .     j - +0 ring mail
rNeg   + + +     Faith    .     (no shield)
rPois  ∞         Spirit   .     k - +0 helmet
rElec  .         Dismiss  .     (no cloak)
rCorr  .         Reflect  .     (no gloves)
SustAt .         Harm     .     i - +0 pair of boots (curse)
MR     ++...                    (no amulet)
Stlth  +.........               (no ring)
                                (no ring)

@: regenerating, rotting, very resistant to hostile enchantments, very
unstealthy
A: rotting body, claws 1, carnivore 3, cold resistance 1, negative energy
resistance 3, slow regeneration 1, torment resistance, unbreathing
a: Trog's Hand, Burn Spellbooks, Renounce Religion


You were on level 4 of the Dungeon.
You worshipped Trog.
Trog was pleased with you.
You were not hungry.

You visited 2 branches of the dungeon, and saw 5 of its levels.

You collected 63 gold pieces.

Inventory:

Hand Weapons
 d - a +0 hunting sling
 n - the +4 spear of Kuninn {vamp, Str+2, unknown}
   (You found it on level 4 of the Dungeon)

   It inflicts no extra harm, but heals its wielder somewhat when it strikes a
   living foe.
   It affects your strength (+2).
Missiles
 e - 54 stones (quivered)
Armour
 a - a +0 animal skin
 i - a cursed +0 pair of boots (worn)
 j - a +0 ring mail (worn)
 k - a +0 helmet (worn)
Jewellery
 g - a +2 amulet of reflection {unknown}
Scrolls
 h - a scroll of identify
Potions
 c - a potion of agility {unknown}
 l - 2 potions of cancellation {unknown}
Comestibles
 b - a meat ration
 f - 2 beef jerkies
 m - a slice of pizza


   Skills:
 + Level 4.1 Fighting
 + Level 2.3 Armour
 + Level 2.8 Dodging
 + Level 0.8 Stealth
 + Level 4.1 Unarmed Combat


You had 3 spell levels left.
You didn't know any spells.

Dungeon Overview and Level Annotations

Branches:
Dungeon (4/15)             Temple (1/1) D:4

Altars:
Ashenzari
Kikubaaqudgha
Makhleb
Nemelex Xobeh
Okawaru
Pakellas
Qazlal
Ru
Sif Muna
Trog
Vehumet
Xom
The Shining One


Innate Abilities, Weirdness & Mutations

Your body is rotting away.
You thrive on raw meat.
You are immune to poison.
You have sharp fingernails.
You are carnivorous and can eat meat at any time.
Your flesh is cold resistant.
You are immune to negative energy.
You regenerate slowly when monsters are visible.
You are immune to unholy pain and torment.
You can survive without breathing.


Message History

The orc wizard completely misses you. The orc barely misses you.
You scratch the orc.
The orc is moderately wounded.
The orc wizard casts a spell.
The orc wizard blinks!
The orc barely misses you. The orc hits you but does no damage.
You closely miss the orc.
The orc is moderately wounded.
The orc wizard points at you and mumbles some strange words.
The magic dart hits you!
* * * LOW HITPOINT WARNING * * *
The orc barely misses you. The orc hits you.
* * * LOW HITPOINT WARNING * * *
You scratch the orc. You claw the orc.
The orc is heavily wounded.
The orc wizard gestures at you while chanting.
The magic dart hits you!
* * * LOW HITPOINT WARNING * * *
The orc hits you with a hand axe.
You die...

## #### #. ....##.
...#. .(.. . #..
....#..########.
.....>.@oo......
..(.#.§#oo...#..
.......#o###.#
##.##.#.# #
#...o#.# #####...#
#.......#
########.#.#.....#
..#.....# #.....#


You could see an orc wizard and 5 orcs.

Vanquished Creatures
  A hound (D:4)
  An orc wizard (D:4)
  2 adders
  2 dart slugs (D:3)
  6 orcs (D:4)
  3 giant cockroaches
  A hobgoblin (D:3)
  2 kobolds (D:1)
  A quokka (D:4)
  3 bats (D:1)
  4 giant newts
  4 goblins
30 creatures vanquished.

Notes
Turn   | Place    | Note
--------------------------------------------------------------
     0 | D:1      | konradical the Ghoul Berserker began the quest for the Orb.
     0 | D:1      | Reached XP level 1. HP: 19/19 MP: 0/0
   617 | D:1      | Reached XP level 2. HP: 24/25 MP: 1/1
   891 | D:3      | Reached XP level 3. HP: 25/29 MP: 2/2
  1007 | D:4      | Found a staircase to the Ecumenical Temple.
  1026 | D:4      | Reached XP level 4. HP: 20/40 MP: 3/3
  1031 | D:4      | Reached ** piety under Trog
  1086 | Temple   | Entered the Ecumenical Temple
  1371 | D:4      | Got a translucent spear
  1413 | D:4      | Slain by an orc

Skill      XL: |  1  2  3  4 |
---------------+-------------+-----
Armour         | 2 |  2.3
Dodging        | 2 |  2.8
Unarmed Combat | 4 |  4.1
Fighting       | 4 |  4.1
Stealth        | |  0.8

Action                   |  1- 3 |  4- 6 || total
-------------------------+-------+-------++-------
Melee: Unarmed           |    69 |    61 ||   130
       Punch             |       |     1 ||     1
Invok: Trog's Hand       |       |     2 ||     2
  Use: Scroll            |     2 |       ||     2
 Stab: Sleeping          |     1 |       ||     1
  Eat: Chunk             |     4 |       ||     4
Armor: Animal skin       |    12 |       ||    12
       Ring mail         |    21 |    41 ||    62
Dodge: Dodged            |    71 |    63 ||   134
